 Dungeon Crawl Stone Soup version 0.26.1-11-gd32895ea62 (console) character file.

Game seed: 10845048890750043215

153 erker the Skirmisher (level 5, -3/44 HPs)
             Began as a Formicid Earth Elementalist on July 9, 2021.
             Slain by an orc priest
             ... wielding a +0 whip
              (4 damage)
             ... on level 3 of the Dungeon.
             The game lasted 00:10:26 (4070 turns).

erker the Skirmisher (Formicid Earth Elementalist)  Turns: 4070, Time: 00:10:27

Health: -3/44      AC:  5    Str: 13    XL:     5   Next: 61%
Magic:  2/8        EV: 10    Int: 15    God:
Gold:   171        SH:  0    Dex: 11    Spells: 5/8 levels left

rFire    . . .     SeeInvis +   B - +0 whip
rCold    . . .     Faith    .   (no shield)
rNeg     . . .     Spirit   .   e - +0 ring mail
rPois    .         Reflect  .   (helmet unavailable)
rElec    .         Harm     .   (no cloak)
rCorr    .         Rampage  .   (no gloves)
Will     .....                  (no boots)
Stlth    +.........             (no amulet)
HPRegen  0.14/turn              (no ring)
MPRegen  0.11/turn              (no ring)

@: no status effects
A: permanent stasis, dig shafts and tunnels, four strong arms, antennae 3
a: Dig, Shaft Self


You were on level 3 of the Dungeon.
You visited 1 branch of the dungeon, and saw 3 of its levels.

You collected 171 gold pieces.

Inventory:

Hand Weapons
 A - a +0 dagger
 B - a +0 whip (weapon)
Missiles
 b - 124 stones
 h - 71 arrows
 v - 3 javelins (quivered)
 x - 31 bolts
 z - 7 poisoned darts
Armour
 a - a +0 cloak
 c - a +0 robe
 e - a +0 ring mail (worn)
Magical Staves
 o - a cursed staff of earth {unknown}
Jewellery
 m - an uncursed amulet of faith {unknown}
Scrolls
 d - 2 scrolls of identify {unknown}
 f - 2 scrolls of random uselessness {unknown}
 g - a scroll of noise {unknown}
 l - 2 scrolls of teleportation {unknown}
 n - a scroll of enchant weapon {unknown}
 p - 2 scrolls of amnesia {unknown}
 q - a scroll of fear {unknown}
 t - a scroll of remove curse {unknown}
 y - a scroll of magic mapping {unknown}
Potions
 i - a potion of might {unknown}
 j - 2 potions of curing {unknown}
 k - a potion of heal wounds {unknown}
 r - 2 potions of flight {unknown}
 s - 2 potions of lignification {unknown}
 u - 3 potions of brilliance {unknown}
 w - a potion of cancellation {unknown}


   Skills:
 + Level 5.2 Fighting
 - Level 1.7 Dodging
 - Level 2.4 Stealth
 - Level 2.3 Spellcasting
 - Level 1.1 Transmutations
 - Level 3.7 Earth Magic


You had 5 spell levels left.
You knew the following spells:

 Your Spells              Type           Power        Failure   Level
a - Sandblast             Erth           26%          10%         1
w - Passwall              Tmut/Erth      7%           26%         2

Your spell library contained the following spells:

 Spells                   Type           Power        Failure   Level
 Stone Arrow              Conj/Erth      14%          54%         3
 Petrify                  Tmut/Erth      9%           86%         4
 Lee's Rapid Deconstruct  Erth           6%           95%         5


Dungeon Overview and Level Annotations

Branches:
Dungeon (3/15)

Altars:
Ashenzari


Innate Abilities, Weirdness & Mutations

You cannot be hasted, slowed, berserked, paralysed or teleported.
You can dig through walls and to a lower floor.
Your four strong arms can wield two-handed weapons with a shield.
You have a pair of large antennae on your head. (SInv)


Message History

Casting: Sandblast (safe; 10% risk of failure)
Confirm with . or Enter, or press ? or * to list all spells.
Aiming: Sandblast (safe; 10% risk of failure)
Press: ? - help, Shift-Dir - straight line, f/p - orc priest
Aim: an orc priest, wielding a +0 whip and wearing a +0 ring mail (18% to evade)
The blast of sand hits the orc priest.
The orc priest is lightly wounded.
b - 125 stones The orc priest hits you with a +0 whip.
* * * LOW HITPOINT WARNING * * *
Casting: Sandblast (safe; 10% risk of failure)
Confirm with . or Enter, or press ? or * to list all spells.
Aiming: Sandblast (safe; 10% risk of failure)
Press: ? - help, Shift-Dir - straight line, f/p - orc priest
Aim: an orc priest, wielding a +0 whip and wearing a +0 ring mail (lightly wounded, 18% to evade)
The blast of sand hits the orc priest.
The orc priest is lightly wounded.
b - 124 stones The orc priest hits you with a +0 whip.
You die...

#.## #.#
#..# #.#
##.# #.#
#.# #.#
#.# #.#
#.# ##)#
#.# #...
#.### #...
#.#@##
#...
#.##o#
####
#.#{##
#.##.#
#####.#.##
#.....##.#
#.#####.##
. #.# #{##
..
#.#####{#
o..


You could see an orc priest.

Vanquished Creatures
  2 orc wizards (D:3)
  2 adders
  An ooze (D:2)
  A dart slug (D:1)
  6 leopard geckos
  3 orcs (D:3)
  9 bats
  9 giant cockroaches
  3 goblins
  3 hobgoblins (D:1)
  10 jackals
  5 kobolds
  2 frilled lizards (D:3)
  6 rats
62 creatures vanquished.

Vanquished Creatures (others)
  3 toadstools (D:1)
3 creatures vanquished.

Grand Total: 65 creatures vanquished

Notes
Turn   | Place    | Note
-------+----------+-------------------------------------------
     0 | D:1      | erker the Formicid Earth Elementalist began the quest for
                  | the Orb.
     0 | D:1      | Reached XP level 1. HP: 13/13 MP: 3/3
   454 | D:1      | Reached skill level 1 in Fighting
   454 | D:1      | Reached XP level 2. HP: 7/21 MP: 0/5
  1039 | D:1      | You fall into a shaft and drop 1 floor!
  1075 | D:1      | Reached skill level 2 in Fighting
  1379 | D:1      | Reached XP level 3. HP: 24/28 MP: 6/6
  1763 | D:1      | Reached skill level 3 in Fighting
  1783 | D:1      | Learned a level 2 spell: Passwall
  2085 | D:2      | Found a broken altar of Ashenzari.
  2160 | D:2      | Reached XP level 4. HP: 33/35 MP: 7/7
  2472 | D:2      | Found a faded altar of an unknown god.
  3217 | D:3      | Reached skill level 4 in Fighting
  3487 | D:3      | Reached XP level 5. HP: 6/43 MP: 4/8
  4040 | D:3      | Reached skill level 5 in Fighting
  4068 | D:3      | HP: 2/44 [orc priest/+0 whip (3)]
  4070 | D:3      | Slain by an orc priest

Illustrated notes

Levels and vault maps discovered:
D:1:      beargit_arrival_greenhouse, layout_basic, serial_glass,
          glass_columns_b, glass_columns_a, item_on_display_a, feat_on_display,
          due_unseen_surprise, grunt_decor_cap, roderic_serpentine_path,
          minmay_gold_behind_fungi
D:2:      layout_rooms, lemuel_coloured_pillars_altar,
          chequers_ecumenical_altar_island
D:3:      minmay_door_path, layout_loops_ring

Skill      XL: |  1  2  3  4  5 |
---------------+----------------+-----
Fighting       | 1 2 3 4 5 |  5.2
Dodging        | |  1.7
Stealth        | |  2.4
Spellcasting   | |  2.3
Transmutations | |  1.1
Earth Magic    | |  3.7

Action                   |  1- 3 |  4- 6 || total
-------------------------+-------+-------++-------
Melee: Unarmed           |    36 |       ||    36
       Club              |   137 |    97 ||   234
       Dagger            |       |    26 ||    26
       Whip              |       |    37 ||    37
 Cast: Sandblast         |    26 |    16 ||    42
 Abil: Dig               |       |     1 ||     1
 Stab: Sleeping          |     2 |     1 ||     3
Armor: Robe              |    11 |       ||    11
       Ring mail         |    70 |    97 ||   167
Dodge: Dodged            |   136 |   123 ||   259
